 Dungeon Crawl Stone Soup version 0.31-a0-1-g4198be8af4 (webtiles) character file.

Game seed: 2766043760468556319

635 themarg the Summoner (level 7, 0/46 HPs)
             Began as a Merfolk Summoner on May 2, 2023.
             Slain by a water moccasin (7 damage)
             ... on level 5 of the Dungeon.
             The game lasted 00:10:33 (4568 turns).

themarg the Summoner (Merfolk Summoner)             Turns: 4568, Time: 00:10:33

Health: 0/46       AC:  3    Str:  8    XL:     7   Next: 50%
Magic:  9/10       EV: 13    Int: 19    God:
Gold:   232        SH:  0    Dex: 15    Spells: 4/10 levels left

rFire   . . .        q - +7 whip "Wytaxya" {flame, Int+3}
rCold   + . .        (no shield)
rNeg    . . .        a - +0 robe
rPois   .            (no helmet)
rElec   .            s - +0 cloak
rCorr   +            (no gloves)
SInv    .            (no boots)
Will    .....        (no amulet)
Stlth   ++           o - ring of resist corrosion
HPRegen 0.27/turn    u - ring of protection from cold
MPRegen 0.12/turn

%: no passive effects
@: lethally poisoned (0 -> -9)
A: (nimble swimmer 2), mertail
a: no special abilities


You were on level 5 of the Dungeon.
You visited 1 branch of the dungeon, and saw 5 of its levels.

You collected 232 gold pieces.

Inventory:

Hand Weapons
 q - the +7 whip "Wytaxya" (weapon) {flame, Int+3}
   (You found it on level 2 of the Dungeon)

   Int:       It affects your intelligence (+3).
 A - a +0 halberd
Missiles
 c - 6 poisoned darts
 d - 14 boomerangs
 h - 35 stones
 k - 2 atropa-tipped darts
Armour
 a - a +0 robe (worn)
 s - a +0 cloak (worn)
Jewellery
 o - a ring of resist corrosion (left hand)
 u - a ring of protection from cold (right hand)
 y - an amulet of regeneration
Wands
 v - a wand of digging (6)
Scrolls
 e - a scroll of teleportation {unknown}
 g - a scroll of butterflies {unknown}
 l - a scroll of brand weapon {unknown}
 n - a scroll of amnesia {unknown}
 p - 2 scrolls of immolation {unknown}
 r - a scroll of fog {unknown}
 t - a scroll of noise {unknown}
 z - a scroll of poison {unknown}
Potions
 b - 4 potions of magic
 f - 2 potions of brilliance {unknown}
 i - 4 potions of flight {unknown}
 j - 2 potions of attraction {unknown}
 m - a potion of curing
 w - a potion of heal wounds {unknown}
 x - a potion of mutation {unknown}


   Skills:
 - Level 1.0 Throwing
 - Level 3.0 Dodging
 - Level 3.0 Stealth
 - Level 2.0 Spellcasting
 + Level 8.3 Summonings
 + Level 1.5 Air Magic


You had 4 spell levels left.
You knew the following spells:

 Your Spells              Type           Power      Damage    Failure   Level
a - Summon Small Mammal   Summ           100%       N/A       1%          1
b - Call Imp              Summ           66%        N/A       1%          2
c - Call Canine Familiar  Summ           33%        N/A       1%          3

Your spell library contained the following spells:

 Spells                   Type           Power      Damage    Failure   Level
 Summon Guardian Golem    Hex/Summ       17%        N/A       10%         3
 Kiss of Death            Conj/Necr      4%         2d5       17%         1
 Cigotuvi's Dreadful Rot  Necr/Pois/Air  6%         N/A       21%         2
 Summon Lightning Spire   Summ/Air       20%        N/A       22%         4
 Confusing Touch          Hex            1%         N/A       45%         3
 Ignite Poison            Fire/Tmut/Pois 1%         N/A       45%         3
 Dispel Undead            Necr           1%         3d6       86%         4
 Freezing Cloud           Conj/Ice/Air   1%         6-21      98%         5


Dungeon Overview and Level Annotations

Branches:
Dungeon (5/15)
 Temple: D:4-7

Altars:


Innate Abilities, Weirdness & Mutations

((You are very nimble when in or above water. (Stealth+, EV+, Speed+++)))
Your lower body shifts to a powerful aquatic tail in water.


Message History

The adder barely misses you.
Your cerulean imp hits the water moccasin but does no damage.
Your quokka barely misses the adder.
Your hound bites the adder.
The water moccasin bites you. The adder barely misses you.
Your cerulean imp hits the water moccasin from afar with a -1 spear.
You barely miss the water moccasin.
The water moccasin is severely wounded.
You feel sick.
Your hound closely misses the adder.
The water moccasin bites you.
* * * LOW HITPOINT WARNING * * *
You are lethally poisoned!
The water moccasin poisons you!
Your quokka bites the adder.
The adder barely misses your quokka.
Your hound closely misses the adder.
Your cerulean imp closely misses the water moccasin.
The water moccasin bites you but does no damage.
Your quokka barely misses the adder.
Okay, then.
You miss the water moccasin.
The water moccasin is severely wounded.
* * * LOW HITPOINT WARNING * * *
You feel very sick. The adder closely misses your quokka.
Your hound bites the adder.
The water moccasin closely misses you.
Your quokka completely misses the adder.
Your cerulean imp barely misses the water moccasin.
The adder closely misses your hound.
You feel better.
Your hound closely misses the adder.
The water moccasin bites you.
* * * LOW HITPOINT WARNING * * *
You are lethally poisoned!
The water moccasin poisons you! The adder bites your hound.
Your quokka misses the adder.
Your hound closely misses the adder.
Your cerulean imp hits the water moccasin from afar with a -1 spear.
The water moccasin completely misses you.
You hit the adder. You burn the adder.
You kill the adder!
* * * LOW HITPOINT WARNING * * *
You feel very sick.
Your hound bites the water moccasin.
The water moccasin bites you!
You die...

#.....$.$.....
#....#.#....?.
#.....$.......
#....#.#...[..
#.............
#........####.
+....5.......
#..rh.....###
##.@S......#
#..........#
#..........#
#...########
#.# #...# #.#
#...# #.#
#.#.##### #.#
#.#..5.)# #.#
#.#####.#


You could see a water moccasin (ally target), a friendly hound (summoned), a
friendly cerulean imp (summoned) and a friendly quokka (summoned).

Vanquished Creatures
  2 scorpions (D:4)
  Ijyb (D:4)
  An adder (D:5)
  2 worms
  4 dart slugs
  4 orcs (D:4)
  A bat (D:3)
  4 giant cockroaches
  3 hobgoblins
  A jackal (D:1)
  A quokka (D:1)
  4 ball pythons
  2 frilled lizards
  A goblin (D:4)
  A rat (D:1)
32 creatures vanquished.

Vanquished Creatures (collateral kills)
  Blork the orc (D:5)
  A scorpion (D:5)
  2 hounds
  2 orc priests (D:4)
  2 sleepcaps
  Natasha (twice) (D:3)
  2 adders (D:4)
  2 ufetubi
  2 worms (D:2)
  A dart slug (D:2)
  9 orcs
  7 ball pythons
  5 endoplasms
  2 giant cockroaches
  5 hobgoblins
  5 quokkas
  A bat (D:1)
  3 goblins
  3 kobolds
  5 rats
62 creatures vanquished.

Grand Total: 94 creatures vanquished

Notes
Turn   | Place    | Note
-------+----------+-------------------------------------------
     0 | D:1      | themarg the Merfolk Summoner began the quest for the Orb.
     0 | D:1      | Reached XP level 1. HP: 13/13 MP: 3/3
    30 | D:1      | Found a faded altar of an unknown god.
   129 | D:1      | Reached XP level 2. HP: 12/19 MP: 1/5
   134 | D:1      | Learned a level 2 spell: Call Imp
   852 | D:2      | Reached XP level 3. HP: 24/24 MP: 1/6
   856 | D:2      | Learned a level 3 spell: Call Canine Familiar
   917 | D:2      | Reached skill level 5 in Summonings
  1172 | D:2      | Identified the +7 whip "Wytaxya" {flame, Int+3}
  1900 | D:3      | Reached XP level 4. HP: 28/30 MP: 7/7
  2111 | D:3      | Noticed Natasha
  2116 | D:3      | Killed Natasha
  2288 | D:3      | Noticed Natasha
  2294 | D:3      | Killed Natasha
  2295 | D:3      | Reached XP level 5. HP: 25/35 MP: 2/8
  2354 | D:3      | Reached skill level 6 in Summonings
  2747 | D:4      | Noticed Ijyb
  2760 | D:4      | Killed Ijyb
  2761 | D:4      | Reached XP level 6. HP: 40/41 MP: 7/9
  3338 | D:4      | Reached skill level 7 in Summonings
  3392 | D:4      | Reached skill level 1 in Throwing
  3396 | D:4      | HP: 2/41 [orc priest/divine providence (13)]
  3820 | D:4      | Reached XP level 7. HP: 46/46 MP: 4/10
  4093 | D:5      | Entered Level 5 of the Dungeon
  4093 | D:5      | Noticed Blork the orc
  4170 | D:5      | Reached skill level 8 in Summonings
  4351 | D:5      | Reached skill level 1 in Air Magic
  4386 | D:5      | Killed Blork the orc
  4568 | D:5      | Slain by a water moccasin

Illustrated notes

Levels and vault maps discovered:
D:1:      nzn_arrival_water_spiral, layout_rooms,
          nicolae_ecumenical_lake_church, minivault_11, st_stairs_6
D:2:      layout_loops_ring
D:3:      layout_basic, uniq_natasha
D:4:      layout_basic, minmay_misc_feat_doors, uniq_ijyb
D:5:      layout_basic, serial_glass, glass_columns_a, glass_columns_a,
          item_on_display_a, item_on_display_a, feat_on_display,
          gammafunk_ghost_grave, uniq_blork_the_orc

Skill      XL: |  1  2  3  4  5  6  7 |
---------------+----------------------+-----
Summonings     | 5 6 7 8 |  8.3
Stealth        | 3 |  3.0
Dodging        | 3 |  3.0
Throwing       | 1 |  1.0
Air Magic      | 1 |  1.5
Spellcasting   | |  2.0

Action                     |  1- 3 |  4- 6 |  7- 9 || total
---------------------------+-------+-------+-------++-------
  Melee: Staff             |    24 |       |       ||    24
         Unarmed           |     6 |       |       ||     6
         Dagger            |    12 |       |       ||    12
         Whip              |     6 |    46 |    13 ||    65
         Punch             |       |       |     1 ||     1
   Cast: Summon Small Mamm |    43 |     6 |     2 ||    51
         Call Imp          |    20 |    10 |     4 ||    34
         Call Canine Famil |       |    16 |     5 ||    21
    Use: Potion            |       |       |     1 ||     1
   Stab: Distracted        |     1 |       |       ||     1
         Sleeping          |     1 |     1 |       ||     2
 Armour: Robe              |     4 |     5 |     5 ||    14
  Dodge: Dodged            |    30 |    27 |    17 ||    74

Table legend: (Time is in decaauts)
 A = Elapsed time spent in this place.
 B = Non-inter-level travel time spent in this place.
 C = Inter-level travel time spent in this place.
 D = Time resting spent in this place.
 E = Time spent auto-exploring this place.
 F = Levels seen in this place.
 G = Mean time per level.
                   A        B        C        D        E       F      G
               +--------+--------+--------+--------+--------+-----+--------+
         Total |   4563 |   4459 |    104 |    284 |   3348 |   5 |  912.6 |
       Dungeon |   4563 |   4459 |    104 |    284 |   3348 |   5 |  912.6 |
               +--------+--------+--------+--------+--------+-----+--------+

Top non-repeatable levels by time:
     D:4: 1417 daAuts
     D:2: 1032 daAuts
     D:3: 946 daAuts
     D:1: 732 daAuts
     D:5: 435 daAuts
